 Dungeon Crawl Stone Soup version 0.13.1-17-g0f9d4ff (webtiles) character file.

299 Kae the Slasher (level 5, -5/40 HPs)
             Began as a Demonspawn Gladiator on Dec 17, 2013.
             Was an Initiate of Trog.
             Slain by an orc priest
             ... wielding a +1,+3 orcish trident
              (11 damage)
             ... on Level 3 of the Dungeon.
             The game lasted 00:05:24 (2217 turns).

Kae the Slasher (Demonspawn Gladiator)              Turns: 2217, Time: 00:05:25

HP  -5/40        AC  3     Str 16      XL: 5   Next: 29%
MP   4/4         EV 12     Int  9      God: Trog [......]
Gold 124         SH  0     Dex 14      Spells:  0 memorised,  4 levels left

Res.Fire  : . . .   See Invis. : .   g - +3,+0 elf long sword (elec)
Res.Cold  : . . .   Warding    : .   b - +0 leather armour
Life Prot.: . . .   Conserve   : .   (no shield)
Res.Poison: .       Res.Corr.  : .   (helmet restricted)
Res.Elec. : .       Clarity    : .   (no cloak)
Sust.Abil.: . .     Spirit.Shd : .   (no gloves)
Res.Mut.  : .       Stasis     : .   (no boots)
Res.Rott. : .       Flight     : .   (no amulet)
Saprovore : . . .                    (no ring)
                                     (no ring)

@: slightly resistant to hostile enchantments, unstealthy
A: horns 2, demonic guardian 1
a: Burn Spellbooks, Renounce Religion


You were on level 3 of the Dungeon.
You worshipped Trog.
Trog was noncommittal.
You were very hungry.

You visited 1 branch of the dungeon, and saw 3 of its levels.

You collected 104 gold pieces.

Inventory:

Hand weapons
 a - a +0,+0 falchion
 g - a +3,+0 elven long sword of electrocution (weapon)
Missiles
 d - 3 throwing nets (quivered)
Armour
 b - a +0 leather armour (worn)
 c - a +0 helmet
Comestibles
 f - a bread ration
 q - a meat ration
Scrolls
 e - a scroll of enchant weapon I {unknown}
 h - a scroll of blinking {unknown}
 i - 2 scrolls of teleportation {unknown}
 j - a scroll of magic mapping {unknown}
 k - 3 scrolls of remove curse {unknown}
 l - a scroll of random uselessness {unknown}
 m - 5 scrolls of fear {unknown}
 n - a scroll of curse weapon {unknown}
 o - 2 scrolls of identify {unknown}
 p - a scroll of curse jewellery {unknown}


   Skills:
 - Level 2.0 Fighting
 * Level 5.5 Long Blades
 - Level 1.7 Throwing
 - Level 2.6 Dodging


You had 4 spell levels left.
You didn't know any spells.

Dungeon Overview and Level Annotations

Branches:
Dungeon (3/27)

Altars:
Trog
the Shining One


Innate Abilities, Weirdness & Mutations

You have a pair of horns on your head.
A weak demonic guardian rushes to your aid.


Message History

* * * LOW HITPOINT WARNING * * *
Unknown command.
You closely miss the orc priest.
The orc priest is almost dead.
The orc misses you. The rat bites you.
* * * LOW HITPOINT WARNING * * *
The orc priest utters an invocation to Beogh.
You feel a wave of unholy energy pass over you.
Unknown command.
You aren't carrying any potions.
Unknown command.
You aren't carrying any potions.
Unknown command.
You barely miss the orc priest.
The orc priest is almost dead.
The orc closely misses you. The orc hits you.
* * * LOW HITPOINT WARNING * * *
The rat closely misses you.
The orc priest hits you with a glowing orcish trident!
You die...

### ######..... ...#
#.>... .... #..... #
#..# #.#.#. ... #..#
.####..... #...##..#
..........
......###########....#
#.ooo...........#.##
#.##.#@#############.#
#....r...............#
#...###################
..


You could see an orc priest, 2 orcs and a rat.

Vanquished Creatures
  A phantom (D:2)
  An orc priest (D:3)
  A gnoll (D:1)
  2 giant geckos (D:1)
  2 orcs (D:3)
  4 bats
  4 giant cockroaches
  10 goblins
  2 hobgoblins
  3 jackals (D:1)
  8 kobolds
  A ball python (D:1)
  3 giant newts
  3 rats
45 creatures vanquished.

Vanquished Creatures (collateral kills)
  An orc priest (D:3)
  2 orcs
3 creatures vanquished.

Vanquished Creatures (others)
  2 ufetubi (D:3)
2 creatures vanquished.

Grand Total: 50 creatures vanquished

Notes
Turn   | Place    | Note
--------------------------------------------------------------
     0 | D:1      | Kae, the Demonspawn Gladiator, began the quest for the Orb.
     0 | D:1      | Reached XP level 1. HP: 17/17 MP: 0/0
    61 | D:1      | Reached skill level 3 in Long Blades
    81 | D:1      | Gained mutation: A weak demonic guardian rushes to your aid. [demonic ancestry]
    81 | D:1      | Reached XP level 2. HP: 2/23 MP: 1/1
   717 | D:1      | Reached XP level 3. HP: 28/28 MP: 2/2
   779 | D:1      | Reached skill level 4 in Long Blades
  1110 | D:2      | Found a bloodstained altar of Trog.
  1312 | D:2      | Found a glowing golden altar of the Shining One.
  1425 | D:2      | Became a worshipper of Trog the Wrathful
  1429 | D:3      | Noticed a phantom
  1482 | D:2      | HP: 1/28 [orc/orcish mace (8)]
  1633 | D:2      | Killed a phantom
  1633 | D:2      | Reached skill level 5 in Long Blades
  1633 | D:2      | Gained mutation: You have a pair of small horns on your head. [demonic ancestry]
  1633 | D:2      | Reached XP level 4. HP: 15/35 MP: 3/3
  1870 | D:3      | Gained mutation: You have a pair of horns on your head. [demonic ancestry]
  1870 | D:3      | Reached XP level 5. HP: 4/40 MP: 4/4
  2217 | D:3      | Slain by an orc priest

Action                   |  1- 3 |  4- 6 || total
-------------------------+-------+-------++-------
Melee: Falchion          |   148 |     4 ||   152
       Long sword        |       |    16 ||    16
  Use: Potion            |     5 |       ||     5
 Stab: Sleeping          |     1 |       ||     1
